 Dungeon Crawl Stone Soup version 0.23.1 (webtiles) character file.

Game seed: 985095465340520648

11576 Irenicus the Earth Mage (level 11, -23/138 HPs)
             Began as a Deep Dwarf Earth Elementalist on Mar 17, 2019.
             Was an Elder of Makhleb.
             Annihilated by Rupert
             ... wielding a +1 great mace of crushing
              (31 damage)
             ... on level 12 of the Dungeon.
             The game lasted 00:58:08 (6408 turns).

Irenicus the Earth Mage (DDEE)                      Turns: 6408, Time: 00:58:09

Health: -23/138    AC: 11    Str: 19    XL:     11   Next: 51%
Magic:  1/18       EV: 17    Int: 22    God:    Makhleb [****..]
Gold:   664        SH:  9    Dex: 20    Spells: 10/22 levels left

rFire    . . .     SeeInvis .   A - +2 dagger of Reason {elec, rC+ MR+}
rCold    + . .     Gourm    .   D - +0 buckler
rNeg     . . .     Faith    .   n - +0 leather armour
rPois    .         Spirit   .   v - +0 helmet {Int+3}
rElec    +         Reflect  +   u - +0 cloak
rCorr    .         Harm     .   z - +1 pair of gloves
MR       ++...     Rnd*Tele +   r - +0 pair of boots
Stlth    ..........             p - +3 amulet of reflection
HPRegen  0.00/turn              q - +2 ring of protection
MPRegen  0.16/turn              I - ring "Riociwno" {*Tele rElec}

@: agile, berserking, non-regenerating, very quick
A: damage resistance, heal wounds, rugged brown scales 1, agile 1, sense
surroundings 2, strong 1, no regeneration
a: Heal Wounds, Minor Destruction, Lesser Servant of Makhleb, Major Destruction,
Renounce Religion


You were on level 12 of the Dungeon.
You worshipped Makhleb.
Makhleb was greatly pleased with you.
You were not hungry.

You visited 2 branches of the dungeon, and saw 12 of its levels.
You also visited: Sewer and Gauntlet.

You collected 664 gold pieces.

Inventory:

Hand Weapons
 k - a +3 dagger
   (You took it off an orc on level 6 of the Dungeon)
 o - a +2 short sword of holy wrath
   (You found it on level 1 of the Dungeon)
 A - the +2 dagger of Reason (weapon) {elec, rC+ MR+}
   (You found it in a Gauntlet)

   Occasionally, upon striking a foe, it will discharge some electrical energy
   and cause terrible harm.
   It protects you from cold.
   It affects your resistance to hostile enchantments.
Missiles
 b - 93 stones (quivered)
 h - 2 throwing nets {=f, !d}
Armour
 n - a +0 leather armour (worn)
   (You found it on level 1 of the Dungeon)
 r - a +0 pair of boots (worn)
   (You found it on level 2 of the Dungeon)
 u - a +0 cloak (worn)
   (You found it on level 3 of the Dungeon)
 v - a +0 helmet of intelligence (worn)
   (You found it in a Gauntlet)
 z - a +1 pair of gloves (worn)
   (You found it on level 7 of the Dungeon)
 B - a +0 chain mail
   (You found it in a Gauntlet)
 D - a +0 buckler (worn)
   (You took it off a gnoll sergeant on level 10 of the Dungeon)
 J - a +0 leather armour
   (You found it in a Gauntlet)
Magical Staves
 E - an uncursed staff of fire {rF+}
   (You found it on level 8 of the Dungeon)
 K - an uncursed staff of wizardry {wiz+, !a}
   (You found it in a Gauntlet)
 L - an uncursed staff of summoning {!a}
   (You found it in a Gauntlet)
Jewellery
 c - an uncursed ring of flight {+Fly, !d}
   (You found it in a sewer)
 e - an uncursed ring of protection from cold {rC+, !d}
   (You found it on level 4 of the Dungeon)
 m - a +3 ring of strength
   (You found it on level 5 of the Dungeon)
 p - a +3 amulet of reflection (around neck)
   (You found it on level 1 of the Dungeon)
 q - a +2 ring of protection (left hand)
   (You found it on level 5 of the Dungeon)
 s - an uncursed ring of protection from fire {rF+, !d}
   (You found it on level 3 of the Dungeon)
 I - the ring "Riociwno" (right hand) {*Tele rElec}
   (You found it in a Gauntlet)

   [ring of teleportation]

   It may teleport you next to monsters.
   It insulates you from electricity.
Wands
 t - a wand of flame (1)
   (You found it on level 7 of the Dungeon)
 x - a wand of digging (5)
   (You found it on level 5 of the Dungeon)
Scrolls
 a - 3 scrolls of remove curse
 f - 9 scrolls of identify
 g - 2 scrolls of enchant armour {unknown}
 i - a scroll of immolation {!r}
 j - a scroll of brand weapon {unknown}
 y - 2 scrolls of teleportation
 F - a scroll of random uselessness {unknown}
 G - 2 scrolls of enchant weapon
 M - a scroll of blinking {unknown}
Potions
 w - a potion of brilliance
 C - 2 potions of flight
Comestibles
 d - 15 rations


   Skills:
 - Level 3.0 Fighting
 - Level 5.1 Short Blades
 - Level 2.1 Dodging
 - Level 4.1 Stealth
 - Level 5.5 Shields
 - Level 6.2 Spellcasting
 - Level 2.4 Transmutations
 + Level 17.4 Earth Magic
 - Level 1.3 Evocations


You had 10 spell levels left.
You knew the following spells:

 Your Spells              Type           Power        Failure   Level  Hunger
a - Sandblast             Erth           ######       0%          1    None
c - Petrify               Tmut/Erth      ######..     1%          4    ###....
w - Passwall              Tmut/Erth      ######..     1%          2    None
z - Lee's Rapid Deconstr  Erth           ######....   1%          5    #####..

Your spell library contained the following spells:

 Spells                   Type           Power        Failure   Level  Hunger
 Stone Arrow              Conj/Erth      #####.       1%          3    #......
 Leda's Liquefaction      Hex/Erth       #####.....   3%          4    ###....
 Beastly Appendage        Tmut           ###...       4%          1    None
 Sticks to Snakes         Tmut           ###.....     6%          2    None
 Confusing Touch          Hex            #.....       11%         1    None
 Infusion                 Chrm           #...         11%         1    None
 Shroud of Golubria       Chrm/Tloc      #.........   16%         2    None
 Song of Slaying          Chrm           #.......     16%         2    None
 Spider Form              Tmut/Pois      ##........   19%         3    #......
 Bolt of Magma            Conj/Fire/Erth ####......   26%         5    #####..
 Statue Form              Tmut/Erth      ######...    28%         6    ######.
 Confuse                  Hex            #.......     32%         3    #......
 Gell's Gravitas          Tloc           #.........   32%         3    #......
 Spectral Weapon          Hex/Chrm       #.......     32%         3    #......
 Iron Shot                Conj/Erth      #####.....   41%         6    ######.
 Ice Form                 Ice/Tmut       ##......     54%         4    ###....
 Blade Hands              Tmut           ###.......   73%         5    #####..
 Yara's Violent Unravell  Hex/Tmut       ##........   87%         5    #####..
 Metabolic Englaciation   Hex/Ice        #.........   96%         5    #####..
 Shatter                  Erth           ######....   100%        9    #######
 Regeneration             Chrm/Necr      Unusable     N/A         3    N/A

Dungeon Overview and Level Annotations

Branches:
Dungeon (12/15)            Temple (1/1) D:7            Lair (0/6) D:8
    Orc (0/2) D:9

Altars:
Ashenzari
Cheibriados
Dithmenos
Elyvilon
Fedhas
Gozag
Hepliaklqana
Kikubaaqudgha
Makhleb
Nemelex Xobeh
Okawaru
Qazlal
Ru
Sif Muna
Trog
Uskayaw
Vehumet
Wu Jian
Xom
Yredelemnul
Zin
The Shining One

Annotations:
D:7 3 runed translucent doors, Zogzag's ghost, novice HuEE
D:8 2 transporters
D:9 1 runed translucent door, exclusion: upstairs
D:12 Rupert


Innate Abilities, Weirdness & Mutations

You are resistant to damage.
You can heal yourself by infusing magical energy.
You passively map the area around you.
You do not regenerate.
You are partially covered in rugged brown scales. (AC +1, +3% HP)
You are agile. (Dex +2)
Your muscles are strong. (Str +2)


Message History

The orc priest mumbles some strange prayers to Beogh against you.
Beogh smites you!
* * * LOW HITPOINT WARNING * * *
You take 6 damage, and have 17/92 hp.
You now have 0/18 mp.
The orc priest calls upon Beogh to heal the orc warrior.
The orc warrior is healed somewhat.
You block the orc warrior's attack.
Aim: an orc warrior, wielding a +0 mace and wearing a +0 plate armour (heavily wounded)
The puff of flame hits the orc warrior.
Aim: an orc warrior, wielding a +0 mace and wearing a +0 plate armour (heavily wounded)
The blast of sand hits the orc warrior.
b - 96 stones The orc warrior hits you with a cursed +0 mace!
* * * LOW HITPOINT WARNING * * *
You take 10 damage, and have 7/92 hp.
You now have 0/18 mp.
You feel agile all of a sudden. You block the orc warrior's attack.
You see here a scroll of amnesia.
You feel much better.
The orc warrior hits you with a cursed +0 mace.
You regained 21 hp, and now have 28/92 hp.
Aim: an orc warrior, wielding a +0 mace and wearing a +0 plate armour (heavily wounded)
The blast of sand hits the orc warrior!
b - 95 stones You block the orc warrior's attack.
The orc barely misses you.
You now have 0/18 mp.
Okay, then.
Wield which item (- for none, * to show all)? (? for menu, Esc to quit)
You hear the crackle of electricity.
A - the +2 dagger of Reason (weapon)
{elec, rC+ MR+} The orc priest looks satisfied for a moment.
You closely miss the orc warrior.
The orc warrior hits you with a cursed +0 mace!!
* * * LOW HITPOINT WARNING * * *
You take 15 damage, and have 13/92 hp.
You don't have enough magic to cast that spell.
The orc hits you but does no damage.
Aim: an orc warrior, wielding a +0 mace and wearing a +0 plate armour (almost dead)
The blast of sand hits the orc warrior!!
You kill the orc warrior!
Makhleb accepts your kill.
b - 94 stones You now have 0/18 mp.
You hit the orc priest.
Lightning courses through the orc priest!
You kill the orc priest!
Makhleb accepts your kill.
You feel better.
You regained 3 hp, and now have 16/92 hp.
You hit the orc but do no damage. You hit the orc.
Lightning courses through the orc!
You kill the orc!
Makhleb accepts your kill.
You feel better.
Items here: ))) [[ ††
Okay, then.
You pick up a book of Misfortune and begin reading...
You add the spells Confusing Touch, Confuse, Gell's Gravitas, Metabolic Englaciation and Yara's Violent Unravelling to your library.
Rupert the Wild comes into view.
He is wielding a +1 great mace of crushing.
You see here 16 gold pieces.
You don't have any such object.
That's the wrong kind of item! (Use * to select it.)
Okay, then.
Okay, then.
Unknown command.
A rock wall.
Really passwall into a travel-excluded area?
Okay, then.
You now have 2/18 mp.
A rock wall.
Really passwall into a travel-excluded area?
Okay, then.
A rock wall.
Really passwall into a travel-excluded area?
You begin to meditate on the wall.
You continue meditating on the rock. x2
You finish merging with the rock.
You now have 1/18 mp.
The helpless Rupert fails to defend himself.
You spit Rupert like a pig!!! Lightning courses through Rupert!
Rupert hits you with a +1 great mace of crushing.
Aim: Rupert, wielding a +1 great mace of crushing and wearing a +0 ring mail (moderately wounded)
The blast of sand hits Rupert!
b - 93 stones Rupert yells loudly at you.
You resist with almost no effort.
You now have 0/18 mp.
Aim: Rupert, wielding a +1 great mace of crushing and wearing a +0 ring mail (heavily wounded)
The puff of flame hits Rupert but does no damage.
Rupert roars madly and goes into a rage!
Rupert goes berserk!
Really quaff
H - a potion of berserk rage {!q}?
A red film seems to cover your vision as you go berserk!
You feel yourself moving faster!
You feel mighty!
Rupert hits you with a +1 great mace of crushing!!
* * * LOW HITPOINT WARNING * * *
You now have 8/138 hp.
You barely miss Rupert. Rupert misses you.
You hit Rupert. You puncture Rupert!
Rupert hits you with a +1 great mace of crushing!!
You die...

*
#..#.#..#....#
,*
#.......#######
#.####........#
* #.#
#........# ,
#.# #.########
, * * * #.# #.#
,, #.# #.# *
#@# #.# ,, * *
#@# #.#
######.####.#
,,.......$....#
,
**............#
,,
.##....###### *
#..#### , ,
,...# * * ###


You could see Rupert (berserk).

Vanquished Creatures
  A death yak (D:8)
  A two-headed ogre (D:10)
  A thrashing horror (Gauntlet)
  Pikel (D:6)
  A cyclops (D:10)
  An efreet (Gauntlet)
  A queen bee (D:8)
  A troll (D:10)
  A hippogriff (D:10)
  2 fire elementals (Gauntlet)
  A hungry ghost (D:7)
  A warg (D:9)
  A hell hound (Gauntlet)
  An acid dragon (D:12)
  A water moccasin (D:10)
  Duvessa (D:5)
  2 sky beasts
  2 ice beasts
  5 orc warriors
  4 phantoms
  A black bear (D:8)
  A necrophage (D:10)
  3 centaurs
  3 ogres
  3 big kobolds
  10 bullfrogs
  A wyvern zombie (D:10)
  A gnoll sergeant (D:10)
  Dowan (D:5)
  2 water moccasin zombies (D:7)
  2 scorpions
  4 small abominations (Gauntlet)
  23 killer bees
  3 wights (D:10)
  A howler monkey (D:8)
  A centaur zombie (D:9)
  3 crimson imps
  A quasit (D:7)
  2 hounds
  A jelly (D:10)
  A bullfrog skeleton (D:8)
  Ijyb (D:5)
  8 orc priests
  4 orc wizards
  3 iguanas
  9 worker ants
  3 hound zombies
  2 hound skeletons
  A howler monkey zombie (D:8)
  2 worker ant zombies
  A howler monkey skeleton (D:4)
  2 gnolls (D:10)
  11 adders
  5 shadow imps
  2 adder skeletons
  3 worms
  2 dart slugs
  8 leopard geckos
  33 orcs
  2 ball pythons
  5 giant cockroaches
  8 goblins
  5 hobgoblins
  10 jackals
  3 quokkas
  6 bats
  12 frilled lizards
  A giant cockroach zombie (D:6)
  A jackal skeleton (D:7)
  21 kobolds
  A quokka zombie (D:5)
  7 rats
280 creatures vanquished.

Vanquished Creatures (collateral kills)
  A gargoyle (D:10)
  A sky beast (D:10)
2 creatures vanquished.

Vanquished Creatures (others)
  A minotaur (Gauntlet)
  A slave (D:6)
  A killer bee (D:10)
  A howler monkey (D:10)
  An orc wizard (D:6)
  A gnoll (D:10)
6 creatures vanquished.

Grand Total: 288 creatures vanquished

Notes
Turn   | Place    | Note
-------+----------+-------------------------------------------
     0 | D:1      | Irenicus the Deep Dwarf Earth Elementalist began the quest
                  | for the Orb.
     0 | D:1      | Reached XP level 1. HP: 15/15 MP: 3/3
   160 | D:1      | Reached XP level 2. HP: 22/22 MP: 4/4
   212 | D:1      | Learned a level 2 spell: Passwall
   249 | D:1      | Reached skill level 5 in Earth Magic
   466 | D:1      | Reached XP level 3. HP: 26/28 MP: 0/5
   583 | D:2      | Reached skill level 6 in Earth Magic
   590 | D:2      | Found an ancient bone altar of Kikubaaqudgha.
   998 | D:3      | Found a bloodstained altar of Trog.
  1054 | D:3      | Found a shadowy altar of Dithmenos.
  1087 | D:3      | Reached XP level 4. HP: 30/36 MP: 4/6
  1124 | D:3      | Found an ornate altar of the Wu Jian Council.
  1486 | D:4      | Reached skill level 7 in Earth Magic
  1551 | D:4      | Found a glowing drain.
  1561 | Sewer    | Entered a sewer
  1746 | Sewer    | Noticed a bullfrog
  1751 | Sewer    | Killed a bullfrog
  1751 | Sewer    | Reached skill level 2 in Spellcasting
  1751 | Sewer    | Reached XP level 5. HP: 21/42 MP: 4/8
  1826 | D:4      | Reached skill level 8 in Earth Magic
  1857 | D:4      | Found an iron altar of Okawaru.
  2105 | D:4      | Reached XP level 6. HP: 13/49 MP: 5/10
  2178 | D:5      | Entered Level 5 of the Dungeon
  2268 | D:6      | Reached skill level 3 in Spellcasting
  2405 | D:6      | Reached skill level 9 in Earth Magic
  2494 | D:6      | Noticed Pikel
  2495 | D:6      | Reached XP level 7. HP: 29/55 MP: 2/11
  2547 | D:6      | Killed Pikel
  2547 | D:6      | Reached skill level 11 in Earth Magic
  2557 | D:6      | Reached skill level 12 in Earth Magic
  2557 | D:6      | Reached XP level 8. HP: 26/62 MP: 0/12
  2890 | D:6      | HP: 3/62 [orc priest/divine providence (13)]
  2892 | D:6      | Reached skill level 1 in Transmutations
  2902 | D:6      | Reached skill level 2 in Transmutations
  3001 | D:7      | Reached skill level 13 in Earth Magic
  3008 | D:7      | Learned a level 5 spell: Lee's Rapid Deconstruction
  3049 | D:7      | Found a staircase to the Ecumenical Temple.
  3068 | Temple   | Entered the Ecumenical Temple
  3109 | Temple   | Became a worshipper of Makhleb the Destroyer
  3192 | D:7      | Reached skill level 14 in Earth Magic
  3271 | D:5      | Noticed Ijyb
  3273 | D:5      | Killed Ijyb
  3274 | D:5      | Gained mutation: You passively map the area around you.
                  | [Deep Dwarf growth]
  3274 | D:5      | Reached XP level 9. HP: 32/68 MP: 4/13
  3313 | D:5      | Noticed Duvessa
  3335 | D:5      | Killed Duvessa
  3350 | D:5      | Noticed Dowan
  3360 | D:5      | HP: 15/68 [Dowan/shard of ice (9)]
  3361 | D:5      | Killed Dowan
  3556 | D:5      | HP: 14/68 [centaur (1)]
  3823 | D:7      | Reached skill level 15 in Earth Magic
  3921 | D:7      | Found a runed translucent gate.
  3921 | D:7      | Found a runed translucent gate.
  3921 | D:7      | Found a runed translucent gate.
  3921 | D:7      | Noticed Zogzag's ghost (novice HuEE)
  3934 | D:7      | Reached * piety under Makhleb
  4126 | D:8      | HP: 14/68 [black bear (4)]
  4139 | D:8      | Found a transporter.
  4141 | D:8      | Noticed a kobold demonologist
  4143 | D:8      | Noticed a kobold demonologist
  4176 | D:8      | Learned a level 4 spell: Petrify
  4213 | D:8      | Found a staircase to the Lair.
  4213 | D:8      | Noticed a death yak
  4213 | D:8      | Noticed a death yak
  4213 | D:8      | Noticed a death yak
  4213 | D:8      | Noticed a death yak
  4214 | D:8      | Noticed a death yak
  4215 | D:8      | HP: 2/68 [death yak (11)]
  4216 | D:8      | Noticed a death yak
  4235 | D:8      | HP: 6/68 [orc warrior/+0 scimitar (15)]
  4248 | D:8      | Reached skill level 16 in Earth Magic
  4262 | D:8      | HP: 4/68 [orc warrior/+0 scimitar (15)]
  4288 | D:8      | Found a transporter.
  4330 | D:8      | Found a blossoming altar of Fedhas.
  4441 | D:8      | HP: 2/68 [death yak (17)]
  4444 | D:8      | Killed a death yak
  4444 | D:8      | Reached skill level 17 in Earth Magic
  4444 | D:8      | Reached XP level 10. HP: 2/75 MP: 0/13
  4885 | D:9      | Reached ** piety under Makhleb
  4904 | D:9      | Reached skill level 4 in Spellcasting
  5090 | D:9      | Found a runed translucent door.
  5090 | D:9      | Found a white marble altar of Elyvilon.
  5090 | D:9      | Noticed an angel
  5104 | D:9      | Found a staircase to the Orcish Mines.
  5144 | D:8      | Reached skill level 5 in Spellcasting
  5269 | D:10     | Entered Level 10 of the Dungeon
  5311 | D:10     | Noticed a gargoyle
  5312 | D:10     | Reached *** piety under Makhleb
  5324 | D:10     | Killed a gargoyle
  5324 | D:10     | Reached skill level 6 in Spellcasting
  5345 | D:10     | Reached skill level 1 in Fighting
  5412 | D:10     | HP: 19/78 [centaur (5)]
  5418 | D:10     | HP: 18/80 [iguana (6)]
  5445 | D:10     | Reached skill level 2 in Fighting
  5572 | D:10     | Reached skill level 3 in Fighting
  5616 | D:10     | Reached skill level 3 in Stealth
  5657 | D:10     | Reached skill level 4 in Stealth
  5696 | D:10     | Reached skill level 1 in Evocations
  5765 | D:10     | Noticed a cyclops
  5780 | D:10     | HP: 16/84 [cyclops/large rock (36)]
  5782 | D:10     | Killed a cyclops
  5782 | D:10     | Reached skill level 1 in Short Blades
  5847 | D:10     | Reached skill level 2 in Short Blades
  5847 | D:10     | Reached XP level 11. HP: 53/90 MP: 12/19
  5853 | D:10     | Reached skill level 1 in Shields
  5877 | D:10     | Reached **** piety under Makhleb
  5891 | D:10     | Reached skill level 2 in Shields
  5905 | D:10     | Noticed a two-headed ogre
  5920 | D:10     | Killed a two-headed ogre
  5920 | D:10     | Reached skill level 3 in Shields
  5964 | D:10     | You fall through a shaft for 2 floors!
  5965 | D:12     | Found a gate leading to a gauntlet.
  5981 | Gauntlet | Entered a Gauntlet
  5981 | Gauntlet | Found a transporter.
  5984 | Gauntlet | Found a transporter.
  5985 | Gauntlet | Found a transporter.
  5989 | Gauntlet | Found a transporter.
  5990 | Gauntlet | Found a transporter.
  5990 | Gauntlet | Found a transporter.
  5993 | Gauntlet | Noticed a thrashing horror
  5998 | Gauntlet | Found a transporter.
  6005 | Gauntlet | Found a transporter.
  6006 | Gauntlet | Noticed a catoblepas
  6038 | Gauntlet | Gained mutation: You are agile. (Dex +2) [potion of
                  | mutation]
  6038 | Gauntlet | Gained mutation: Your muscles are strong. (Str +2) [potion
                  | of mutation]
  6038 | Gauntlet | Gained mutation: You are partially covered in rugged brown
                  | scales. (AC +1, +3% HP) [potion of mutation]
  6042 | Gauntlet | Reached skill level 3 in Short Blades
  6042 | Gauntlet | Reached skill level 4 in Shields
  6059 | Gauntlet | Got a heavily runed tin ring
  6061 | Gauntlet | Got a coiled marble ring
  6063 | Gauntlet | Identified the ring "Riociwno" {*Tele rElec} (You found it
                  | in a Gauntlet)
  6065 | Gauntlet | Identified the ring of Ashenzari's Supremacy {rF- Dex+3
                  | Stlth-} (You found it in a Gauntlet)
  6106 | Gauntlet | HP: 22/92 [thrashing horror (21)]
  6110 | Gauntlet | Killed a thrashing horror
  6110 | Gauntlet | Reached skill level 5 in Shields
  6133 | Gauntlet | Found the ring of the Mage {Wiz MR++ Int+3}
  6242 | Gauntlet | Identified the +2 dagger of Reason {elec, rC+ MR+}
  6242 | Gauntlet | Identified the +0 hand crossbow of Dim Light {velocity,
                  | Dex+4}
  6242 | Gauntlet | Noticed a minotaur
  6245 | Gauntlet | Killed a minotaur
  6245 | Gauntlet | Reached skill level 4 in Short Blades
  6271 | D:12     | Reached skill level 5 in Short Blades
  6328 | D:12     | HP: 23/92 [orc priest/divine providence (10)]
  6332 | D:12     | HP: 5/92 [orc priest/divine providence (8)]
  6338 | D:12     | HP: 23/92 [orc/+2 hand axe of electrocution (5)]
  6352 | D:12     | HP: 17/92 [orc priest/divine providence (6)]
  6356 | D:12     | HP: 7/92 [orc warrior/cursed +0 mace (10)]
  6366 | D:12     | HP: 13/92 [orc warrior/cursed +0 mace (15)]
  6394 | D:12     | Noticed Rupert
  6405 | D:12     | HP: 8/138 [Rupert/+1 great mace of crushing (18)]
  6408 | D:12     | Annihilated by Rupert

Skill      XL: |  1  2  3  4  5  6  7  8  9 10 11 |
---------------+----------------------------------+-----
Earth Magic    | 5 6 7 8 9 12 14 17 | 17.4
Spellcasting   | 2 3 6 |  6.2
Transmutations | 2 |  2.4
Fighting       | 3 |  3.0
Stealth        | 4 |  4.1
Evocations     | 1 |  1.3
Short Blades   | 2 5 |  5.1
Shields        | 5 |  5.5
Dodging        | |  2.1

Action                   |  1- 3 |  4- 6 |  7- 9 | 10-12 || total
-------------------------+-------+-------+-------+-------++-------
Melee: Dagger            |    12 |       |       |    27 ||    39
       Short sword       |    22 |    38 |    14 |    24 ||    98
 Cast: Sandblast         |    48 |    84 |   139 |   187 ||   458
       Passwall          |     5 |    14 |    28 |     4 ||    51
       Lee's Rapid Decon |       |       |       |    11 ||    11
       Petrify           |       |       |       |     3 ||     3
 Abil: Heal Wounds       |       |       |     4 |     4 ||     8
Evoke: Wand              |       |       |    14 |    22 ||    36
  Use: Scroll            |     2 |    12 |     5 |     2 ||    21
       Potion            |       |     2 |     4 |     6 ||    12
 Stab: Sleeping          |     3 |       |     2 |     2 ||     7
       Petrified         |       |       |       |     9 ||     9
  Eat: Chunk             |     2 |     3 |     8 |     6 ||    19
       Ration            |       |     1 |       |     1 ||     2
Armor: Robe              |     3 |       |       |       ||     3
       Leather armour    |    10 |    17 |    25 |    81 ||   133
       Skin              |       |    44 |       |       ||    44
Dodge: Dodged            |    41 |    39 |    33 |   146 ||   259
Block: Other             |     5 |    12 |     8 |    17 ||    42
       Reflection        |       |     2 |     1 |     5 ||     8
       Buckler           |       |       |       |    29 ||    29

Levels and vault maps discovered:
D:1:      matt_arrival_diagonals, layout_loops_ring,
          chequers_serial_rivers_small_3, wander_ebering_terrifying_dragon_lair
D:2:      layout_rooms, lemuel_coloured_pillars_altar, first_ration,
          minivault_19
D:3:      wad_pebble_path, layout_loops_ring, overflow_temple_1_default,
          grunt_dithmenos_smoke_and_mirrors, trog_book
D:4:      layout_cave_pods, okawaru_metal_pillars_3, portal_sewer_entry_d
D:5:      layout_loops_ring, minmay_stone_trees_large, uniq_duvessa, uniq_ijyb
D:6:      layout_basic, uniq_pikel
D:7:      layout_basic, minmay_temple_entry_stoned_glass,
          gammafunk_ghost_necromancy
D:8:      gammafunk_wand_slinger, layout_cave_pools, dpeg_lair_monsters,
          david_nohive_1, fedhas_altar_3
D:9:      layout_loops_corners, erik_orc_4, lemuel_angel_altar
D:10:     minmay_skewed_foursquare, layout_layer_cave, minmay_misc_feat_x
D:12:     layout_cross, serial_co_window_serial, co_window_paths_b,
          co_window_corner_a, co_window_corner_a, co_window_corner_a,
          co_window_corner_a, co_window_cross_2, co_window_corner_b,
          co_window_of_opportunity_b, co_window_paths_c,
          co_window_unsneaky_path_a, co_window_paths_c, co_window_sun,
          glass_columns_a, glass_columns_a, glass_columns_b,
          gauntlet_entry_generic, minmay_misc_feat_pillars, bh_walls_and_bars,
          uniq_josephine, uniq_rupert
Temple:   regret_index_temple_mists
Sewer:    sewer_frog_island_01
Gauntlet: minmay_gauntlet_mixed_oops_all_seconds [minmay_gauntlet_arena_77_mess,
          nicolae_gauntlet_arena_t_cross, minmay_gauntlet_arena_77_checkered,
          gammafunk_gauntlet_arena_split_x, minmay_gauntlet_arena_77_mirror,
          nicolae_gauntlet_arena_flowing_pool, gauntlet_exit_spiral]

Table legend:
 A = Turns spent in this place as a percentage of turns spent in the entire game.
 B = Non-inter-level travel turns spent in this place as a percentage of non-inter-level travel turns spent in the entire game.
 C = Inter-level travel turns spent in this place as a percentage of turns spent in this place.
 D = Turns resting spent in this place as a percentage of non-inter-level travel turns spent in this place.
 E = Turns spent auto-exploring this place as a percentage of non-inter-level travel turns spent in this place.
 F = Non-inter-level travel turns spent in this place divided by the number of levels of this place that you've seen.
                   A       B       C       D       E      F
               +-------+-------+-------+-------+-------+----------------------
         Total | 100.0 | 100.0 |   0.4 |   0.0 |   0.0 | 456.0
       Dungeon |  91.2 |  91.2 |   0.4 |   0.0 |   0.0 | 529.4
        Temple |   1.2 |   1.2 |   0.0 |   0.0 |   0.0 |  76.0
         Sewer |   3.2 |   3.2 |   0.0 |   0.0 |   0.0 | 206.0
      Gauntlet |   4.4 |   4.4 |   0.0 |   0.0 |   0.0 | 279.0
               +-------+-------+-------+-------+-------+----------------------

Table legend:
 A = Kills in this place as a percentage of kills in entire the game.
 B = Kills by you in this place as a percentage of kills by you in the entire game.
 C = Kills by friends in this place as a percentage of kills by friends in the entire game.
 D = Other kills in this place as a percentage of other kills in the entire game.
 E = Experience gained in this place as a percentage of experience gained in the entire game.
 F = Experience gained in this place divided by the number of levels of this place that you have seen.
                   A       B       C       D       E      F
               +-------+-------+-------+-------+-------+----------------------
         Total | 100.0 | 100.0 | 100.0 | 100.0 | 100.0 | 1181.3
       Dungeon |  90.8 |  91.1 | 100.0 |  50.0 |  79.2 | 1190.5
         Sewer |   5.6 |   5.7 |   0.0 |   0.0 |   0.7 | 122.0
      Gauntlet |   3.5 |   3.2 |   0.0 |  50.0 |  20.1 | 3320.0
               +-------+-------+-------+-------+-------+----------------------
